AoeStats
← DJstapie

Arabian Desert

509439757Analyzed
1v1 RM · 5d ago on Sep 26, 2026· 51m 3s· 2 players
Game mode
Random Map
Map size
Tiny (2 player)
Population
200
Speed
Normal
Resources
Standard
Victory
Conquest
Starting age
Dark Age
Ending age
Imperial Age
RankedLock teamsTeams togetherTeam positionsShared explorationLock speedFull tech treeHidden civsTurbo modeCheats
Victory
Defeat
🇨🇴 Britons · Colombia
597
+13
🇬🇧 Spanish · United Kingdom
539
-13
DJstapie
6:42 Loom
13:18 Feudal Age
13:46 Horse Collar
13:57 Double-Bit Axe
14:55 Wheelbarrow
17:59 Forging
24:02 Castle Age
25:11 Squires
24:57 Gambesons
25:52 Bow Saw
26:29 Hand Cart
26:10 Stone Mining
26:07 Light Cavalry
26:48 Husbandry
26:59 Bloodlines
27:06 Pikeman
33:12 Town Watch
33:48 Gold Mining
46:43 Elite Skirmisher
DaegonMagno
10:52 Feudal Age
11:29 Double-Bit Axe
11:26 Horse Collar
15:55 Stone Mining
16:42 Fletching
17:04 Gold Mining
17:38 Forging
18:12 Padded Archer Armor
21:44 Castle Age
24:09 Leather Archer Armor
26:01 Scale Mail Armor
28:19 Scale Barding Armor
33:16 Bow Saw
39:06 Bodkin Arrow
41:07 Wheelbarrow
45:35 Imperial Age
43:26 Hand Cart
43:54 Iron Casting
46:54 Yeomen
45:59 Capped Ram
46:52 Bracer
49:00 Elite Longbowman
Connection lost

Rejoining the realm…

Still unreachable

The connection could not be restored.

Session expired

The server has moved on; the page needs a fresh start.